 Dungeon Sprint DCSS version 0.24-a0-537-g2d01d4a (webtiles) character file.

Game seed: 2275755274907662170

597 Faca the Fighter (level 7, -14/70 HPs)
             Began as a Formicid Fighter on Aug 13, 2019.
             Was an Elder of the Shining One.
             Demolished by a two-headed ogre
             ... wielding a +0 giant club
              (24 damage)
             ... in the Dungeon (Sprint IX: "|||||||||||||||||||||||||||||").
             The game lasted 00:02:14 (372 turns).

Faca the Fighter (Formicid Fighter)                  Turns: 372, Time: 00:02:15

Health: -14/70     AC: 11    Str: 23    XL:     7   Next: 68%
Magic:  7/7        EV:  8    Int:  7    God:    the Shining One [****..]
Gold:   0          SH: 10    Dex: 13    Spells: 6/6 levels left

rFire    . . .     SeeInvis +   p - +2 halberd (venom)
rCold    . . .     Gourm    .   c - +0 shield
rNeg     + + .     Faith    .   r - +1 scale mail
rPois    .         Spirit   .   (helmet unavailable)
rElec    .         Reflect  .   q - +0 cloak
rCorr    .         Harm     .   (no gloves)
MR       .....                  (no boots)
Stlth    ..........             (no amulet)
HPRegen  0.21/turn              s - +3 ring of dexterity
MPRegen  0.10/turn              t - +2 ring of protection

@: glowing
A: permanent stasis, dig shafts and tunnels, four strong arms, antennae 3
a: Dig, Divine Shield, Cleansing Flame, Renounce Religion


You were in the Dungeon.
You worshipped the Shining One.
The Shining One was greatly pleased with you.
You were not hungry.

You visited 1 branch

Inventory:

Hand Weapons
 a - a +0 trident
 p - a +2 halberd of venom (weapon)
Armour
 b - a +0 scale mail
 c - a +0 shield (worn)
 q - a +0 cloak (worn)
 r - a +1 scale mail (worn)
Jewellery
 s - a +3 ring of dexterity (left hand)
 t - a +2 ring of protection (right hand)
Wands
 o - a wand of acid (10)
Scrolls
 k - 2 scrolls of blinking
 m - 3 scrolls of remove curse
 n - 2 scrolls of amnesia
Potions
 d - a potion of might
 e - 5 potions of curing
 g - 3 potions of heal wounds
 h - a potion of haste
 i - 4 potions of magic
 j - a potion of berserk rage
Comestibles
 f - a ration
 l - 7 chunks of flesh


   Skills:
 + Level 12.2 Fighting
 + Level 11.1 Polearms
 - Level 3.2 Armour
 - Level 3.6 Shields


You had 6 spell levels left.
You didn't know any spells.
Your spell library was empty.

Dungeon Overview and Level Annotations

Branches:
Dungeon (1/1)

Altars:
Cheibriados
Dithmenos
Elyvilon
Fedhas
Gozag
Hepliaklqana
Kikubaaqudgha
Makhleb
Nemelex Xobeh
Okawaru
Qazlal
Ru
Sif Muna
Trog
Uskayaw
Vehumet
Wu Jian
Xom
Yredelemnul
Zin
The Shining One
Beogh
Jiyva
Lugonu


Innate Abilities, Weirdness & Mutations

You cannot be hasted, slowed, berserked, paralysed or teleported.
You can dig through walls and to a lower floor.
Your four strong arms can wield two-handed weapons with a shield.
You have a pair of large antennae on your head. (SInv)


Message History

The two-headed ogre completely misses you.
You puncture the two-headed ogre!
The two-headed ogre looks as sick as possible!
The two-headed ogre is moderately wounded.
You hit the two-headed ogre.
The two-headed ogre looks as sick as possible!
The two-headed ogre is moderately wounded.
The harpy changes into a blink frog!
The two-headed ogre hits you but does no damage.
The two-headed ogre hits you with a +0 giant club.
Your shield and scale mail prevent you from hitting the two-headed ogre.
The two-headed ogre is moderately wounded.
The two-headed ogre hits you with a +0 giant club!!
The two-headed ogre hits you with a +0 giant club!
* * * LOW HITPOINT WARNING * * *
You puncture the two-headed ogre!
The two-headed ogre looks as sick as possible!
The two-headed ogre is heavily wounded.
The two-headed ogre hits you with a +0 giant club!!
You die...

▓.▓
▓.▓
▓.▓
▓.▓
▓V▓
▓F▓
▓O▓
▓@▓
{
▓.▓
▓.▓
▓.▓
▓.▓
▓(▓
▓)▓
▓.▓
{
▓.▓


You could see a two-headed ogre, a blink frog shaped shifter and a vampire
(invisible).

Vanquished Creatures
  A hippogriff (D)
  A hungry ghost (D)
  A crocodile (D)
  A big kobold (D)
  A scorpion (D)
  2 orc wizards (D)
  A worker ant (D)
  A shadow imp (D)
  An adder zombie (D)
  2 orcs (D)
  A goblin (D)
  A jackal (D)
  A kobold (D)
  A ball python zombie (D)
  2 bats (D)
  A frilled lizard (D)
19 creatures vanquished.

Notes
Turn   | Place    | Note
-------+----------+-------------------------------------------
     0 | D        | Faca the Formicid Fighter began the quest for the Orb.
     0 | D        | Reached XP level 1. HP: 18/18 MP: 1/1
    24 | D        | Reached skill level 4 in Fighting
    65 | D        | Noticed a scorpion
    65 | D        | Noticed a worker ant
    65 | D        | Noticed an orc wizard
    67 | D        | Killed an orc wizard
    67 | D        | Reached skill level 5 in Fighting
    67 | D        | Reached XP level 2. HP: 27/28 MP: 2/2
    67 | D        | Reached XP level 3. HP: 33/34 MP: 3/3
    72 | D        | Reached skill level 6 in Fighting
    72 | D        | Reached skill level 5 in Polearms
    72 | D        | Reached XP level 4. HP: 40/41 MP: 4/4
    79 | D        | Reached skill level 7 in Fighting
    79 | D        | Reached XP level 5. HP: 36/49 MP: 5/5
   163 | D        | Found a roughly hewn altar of Beogh.
   163 | D        | Found a snail-covered altar of Cheibriados.
   163 | D        | Found a shadowy altar of Dithmenos.
   163 | D        | Found a white marble altar of Elyvilon.
   163 | D        | Found a blossoming altar of Fedhas.
   163 | D        | Found an opulent altar of Gozag.
   164 | D        | Found a hazy altar of Hepliaklqana.
   165 | D        | Found a viscous altar of Jiyva.
   166 | D        | Found an ancient bone altar of Kikubaaqudgha.
   167 | D        | Found a corrupted altar of Lugonu.
   168 | D        | Found a burning altar of Makhleb.
   169 | D        | Found a sparkling altar of Nemelex Xobeh.
   170 | D        | Found an iron altar of Okawaru.
   171 | D        | Found a stormy altar of Qazlal.
   172 | D        | Found a sacrificial altar of Ru.
   173 | D        | Found a shimmering blue altar of Sif Muna.
   174 | D        | Found a bloodstained altar of Trog.
   175 | D        | Found a hide-covered altar of Uskayaw.
   176 | D        | Found a radiant altar of Vehumet.
   177 | D        | Found an ornate altar of the Wu Jian Council.
   178 | D        | Found a shimmering altar of Xom.
   179 | D        | Found a basalt altar of Yredelemnul.
   180 | D        | Found a glowing silver altar of Zin.
   181 | D        | Found a glowing golden altar of the Shining One.
   189 | D        | Became a worshipper of the Shining One
   237 | D        | Reached * piety under the Shining One
   237 | D        | Noticed a hungry ghost
   237 | D        | Noticed a hippogriff
   237 | D        | Reached ** piety under the Shining One
   242 | D        | Killed a hippogriff
   242 | D        | Reached skill level 10 in Fighting
   242 | D        | Reached XP level 6. HP: 40/61 MP: 6/6
   256 | D        | Killed a hungry ghost
   256 | D        | Reached skill level 11 in Fighting
   256 | D        | Reached skill level 10 in Polearms
   256 | D        | Reached XP level 7. HP: 47/68 MP: 7/7
   361 | D        | Noticed a vampire
   361 | D        | Reached *** piety under the Shining One
   361 | D        | Noticed a harpy
   361 | D        | Noticed a two-headed ogre
   361 | D        | Reached **** piety under the Shining One
   368 | D        | Reached skill level 12 in Fighting
   370 | D        | Noticed a blink frog
   370 | D        | a harpy changed into a blink frog
   372 | D        | Demolished by a two-headed ogre

Levels and vault maps discovered:
D:        linesprint [early_d, line_temple, items_1, d_10, items_2, lair_1,
          lair_end, items_3, orc_1, orc_end, items_4, d_15, swamp_1, shoals_1,
          snake_1, spider_1, d_20, vaults_1, items_5, swamp_end, shoals_end,
          snake_end, spider_end, vaults_end, d_27, items_6, zot_1, zot_end,
          crypt_end, forest_end, elf_end, slime_end, tomb_end, abyss_end,
          pan_hell_end]

Skill      XL: |  1  2  3  4  5  6  7 |
---------------+----------------------+-----
Fighting       | 5 6 7 10 11 12 | 12.2
Polearms       | 4 5 6 9 10 11 | 11.1
Armour         | |  3.2
Shields        | |  3.6

Action                   |  1- 3 |  4- 6 |  7- 9 || total
-------------------------+-------+-------+-------++-------
Melee: Trident           |    38 |     8 |       ||    46
       Halberd           |       |    19 |    14 ||    33
  Eat: Chunk             |       |       |     1 ||     1
Armor: Scale mail        |    12 |     9 |     2 ||    23
Dodge: Dodged            |     9 |     8 |     7 ||    24
Block: Shield            |    18 |    11 |       ||    29

Table legend:
 A = Non-vault XP
 B = Vault XP
 C = Vault XP percentage of total XP
 D = Non-vault monster count
 E = Vault monster count
 F = Vault count percentage of total count
                 A         B        C        D         E       F
            +---------+---------+-------+---------+---------+-------
      Total |       0 |     854 | 100.0 |       0 |      19 | 100.0
            +---------+---------+-------+---------+---------+-------
          D |       0 |     854 | 100.0 |       0 |      19 | 100.0
            +---------+---------+-------+---------+---------+-------
